 Dungeon Crawl Stone Soup version 0.28.0-1-gb440e238dd (webtiles) character file.

Game seed: 15924191916509109216

128 Acheron the Caller (level 5, -14/33 HPs)
             Began as a Tengu Wanderer on Feb 19, 2022.
             Demolished by Menkaure (21 damage)
             ... on level 4 of the Dungeon.
             The game lasted 00:25:58 (3207 turns).

Acheron the Caller (Tengu Wanderer)                 Turns: 3207, Time: 00:25:58

Health: -14/33     AC:  3    Str: 15    XL:     5   Next: 12%
Magic:  6/9        EV: 13    Int: 12    God:
Gold:   88         SH:  0    Dex: 13    Spells: 4/8 levels left

rFire   . . .      SeeInvis .   m - +0 falchion
rCold   + . .      Faith    .   (no shield)
rNeg    . . .      Spirit   .   b - +0 leather armour
rPois   .          Reflect  .   (helmet restricted)
rElec   +          Harm     .   (no cloak)
rCorr   .          Rampage  .   (no gloves)
Will    +....                   (boots unavailable)
Stlth   ++........              (no amulet)
HPRegen 0.11/turn               k - ring of Liberty {rElec rC+ Will+}
MPRegen 0.11/turn               (no ring)

@: flying quickly and evasively, quick
A: beak, talons 3, nimble flight
a: no special abilities


You were on level 4 of the Dungeon.
You visited 1 branch of the dungeon, and saw 5 of its levels.

You collected 88 gold pieces.

Inventory:

Hand Weapons
 i - a +0 mace
 j - a +0 short sword
 m - a +0 falchion (weapon)
Missiles
 f - 3 poisoned darts (quivered)
 g - 74 stones
Armour
 b - a +0 leather armour (worn)
 h - a +0 ring mail
Jewellery
 k - the ring of Liberty (left hand) {rElec rC+ Will+}
   (You found it on level 3 of the Dungeon)

   [ring of protection from cold]

   rC:        It protects you from cold.
   rElec:     It insulates you from electricity.
   Will:      It increases your willpower.
Scrolls
 c - a scroll of fog
 e - a scroll of identify
 l - a scroll of enchant armour {unknown}
Potions
 a - a potion of heal wounds
 d - a potion of invisibility


   Skills:
 * Level 3.8 Fighting
 + Level 0.3 Maces & Flails
 * Level 1.6 Armour
 * Level 1.0 Dodging
 * Level 1.7 Stealth
 + Level 2.1 Spellcasting
 * Level 1.1 Conjurations
 + Level 3.8 Summonings
 * Level 2.0 Fire Magic
 * Level 1.4 Evocations


You had 4 spell levels left.
You knew the following spells:

 Your Spells              Type           Power      Damage    Failure   Level
a - Foxfire               Conj/Fire      20%        2x1d5     17%         1
b - Summon Small Mammal   Summ           40%        N/A       7%          1
c - Call Imp              Summ           10%        N/A       11%         2

Your spell library contained the following spells:

 Spells                   Type           Power      Damage    Failure   Level
 Summon Guardian Golem    Hex/Summ       5%         N/A       41%         3
 Inner Flame              Hex/Fire       3%         N/A       54%         3


Dungeon Overview and Level Annotations

Branches:
Dungeon (5/15)
 Temple: D:4-7

Altars:

Annotations:
D:1 exclusion: downstairs
D:2 1 runed translucent door, Crazy Yiuf
D:3 3 runed translucent doors, Kaptain's ghost, weakling OpWz
D:4 Menkaure


Innate Abilities, Weirdness & Mutations

You have a beak for a mouth.
You have claws for feet.
Your magical nature lets you fly swiftly and evasively.


Message History

The dart slug is lightly wounded.
The dart slug briefly extends its eye-stalks.
The dart slug launches a dart at you. The slug dart hits you.
You slash the dart slug! You claw the dart slug.
You kill the dart slug!
You see here a dart slug corpse.
Found a stone staircase leading up.
A bullfrog skeleton comes into view.
Menkaure, Prince of Dust comes into view.
Found a leather armour.
Menkaure shouts!
The bullfrog skeleton hits you.
There is a stone staircase leading up here.
The bullfrog skeleton completely misses you.
Menkaure closely misses you. The bullfrog skeleton hits you.
You fly upwards.
There is a stone staircase leading down here.
Casting: Foxfire (safe; 17% risk of failure)
Confirm with . or Enter, or press ? or * to list all spells.
You conjure some foxfire!
Menkaure hits you!
The foxfire hits Menkaure.
Menkaure is burned terribly!
Menkaure is lightly damaged.
The foxfire hits Menkaure but does no damage.
Menkaure is lightly damaged.
You completely miss Menkaure.
Menkaure is lightly damaged.
Menkaure calls on the powers of darkness!
Your body is wracked with pain!
* * * LOW HITPOINT WARNING * * *
Okay, then.
Casting: Foxfire (safe; 17% risk of failure)
Confirm with . or Enter, or press ? or * to list all spells.
A beastly little devil appears in a puff of flame.
Menkaure barely misses you.
You hit Menkaure but do no damage. You claw Menkaure, but do no damage.
Menkaure is lightly damaged.
Menkaure hits you!!
Ouch! That really hurt!
You die...

###. #.#
#... #.#
#...##.#
#....#.#
....#.#
...5#
#M.#
#.@#
####


You could see Menkaure (ally target) and a friendly crimson imp (summoned).

Vanquished Creatures
  Jessica (D:2)
  An adder (D:2)
  A worm (D:2)
  A dart slug (D:5)
  An orc (D:4)
  3 bats
  4 endoplasms
  2 giant cockroaches (D:2)
  4 goblins
  7 hobgoblins
  5 jackals
  4 ball pythons
  5 frilled lizards
  4 kobolds
  6 rats
49 creatures vanquished.

Vanquished Creatures (collateral kills)
  An iguana (D:4)
  An endoplasm (D:1)
  A jackal (D:1)
  2 quokkas
  2 bats (D:1)
  A rat (D:1)
8 creatures vanquished.

Vanquished Creatures (others)
  79 foxfires
79 creatures vanquished.

Grand Total: 136 creatures vanquished

Notes
Turn   | Place    | Note
-------+----------+-------------------------------------------
     0 | D:1      | Acheron the Tengu Wanderer began the quest for the Orb.
     0 | D:1      | Acheron set off with the following items: a +0 club, a +0
                  | leather armour, a scroll of fog; and the following spells
                  | available to memorise: Summon Small Mammal, Call Imp,
                  | Foxfire, Summon Guardian Golem, Inner Flame
     0 | D:1      | Reached XP level 1. HP: 14/14 MP: 4/4
    18 | D:1      | Learned a level 1 spell: Foxfire
    20 | D:1      | Learned a level 1 spell: Summon Small Mammal
   307 | D:1      | Reached XP level 2. HP: 19/19 MP: 4/6
   310 | D:1      | Learned a level 2 spell: Call Imp
  1089 | D:2      | Reached skill level 1 in Stealth
  1097 | D:2      | Reached XP level 3. HP: 8/23 MP: 3/7
  1112 | D:2      | Reached skill level 1 in Armour
  1455 | D:2      | Found a runed translucent door.
  1456 | D:2      | Noticed Crazy Yiuf
  1479 | D:2      | Noticed Jessica
  1488 | D:2      | Killed Jessica
  1577 | D:2      | Reached XP level 4. HP: 20/28 MP: 2/8
  2635 | D:3      | Reached skill level 1 in Dodging
  2637 | D:3      | Identified the ring of Liberty {rElec rC+ Will+}
  2700 | D:3      | Noticed Kaptain's ghost (weakling OpWz)
  2701 | D:3      | Found a runed translucent gate.
  2701 | D:3      | Found a runed translucent gate.
  2701 | D:3      | Found a runed translucent gate.
  2702 | D:3      | Noticed a kobold brigand
  2826 | D:4      | Gained mutation: Your magical nature lets you fly swiftly
                  | and evasively. [Tengu growth]
  2826 | D:4      | Reached XP level 5. HP: 26/33 MP: 2/9
  2936 | D:4      | Reached skill level 1 in Conjurations
  3104 | D:5      | Entered Level 5 of the Dungeon
  3199 | D:5      | Noticed Menkaure
  3207 | D:4      | Demolished by Menkaure

Illustrated notes

Levels and vault maps discovered:
D:1:      onia_arrival_pyramid, layout_loops_cross
D:2:      layout_loops_corners, minmay_3d_cube, uniq_crazy_yiuf_cottage,
          uniq_jessica
D:3:      layout_basic, gammafunk_ghost_nasty_kobolds, uniq_natasha
D:4:      layout_basic, grunt_temple_overflow_cloverleaf,
          minmay_temple_entry_tees
D:5:      layout_basic, uniq_menkaure

Skill      XL: |  1  2  3  4  5 |
---------------+----------------+-----
Stealth        | 1 |  1.7
Armour         | 1 |  1.6
Fire Magic     | 2 |  2.0
Dodging        | 1 |  1.0
Conjurations   | 1 |  1.1
Fighting       | |  3.8
Maces & Flails | |  0.3
Spellcasting   | |  2.1
Summonings     | |  3.8
Evocations     | |  1.4

Action                   |  1- 3 |  4- 6 || total
-------------------------+-------+-------++-------
Melee: Club              |    15 |       ||    15
       Peck              |     4 |     5 ||     9
       Kick              |     2 |    11 ||    13
       Whip              |    25 |       ||    25
       Punch             |     1 |       ||     1
       Short sword       |       |    34 ||    34
       Mace              |       |    12 ||    12
       Falchion          |       |     7 ||     7
 Cast: Summon Small Mamm |     7 |     1 ||     8
       Foxfire           |    30 |    20 ||    50
       Call Imp          |     3 |    10 ||    13
  Use: Scroll            |     1 |     3 ||     4
 Stab: Sleeping          |       |     1 ||     1
Armor: Leather armour    |    21 |    16 ||    37
Dodge: Dodged            |    52 |    41 ||    93
